 Dungeon Crawl Stone Soup version 0.30.0-5-g1a98f26d00 (webtiles) character file.

Game seed: 6456547531680275175

99974 Twinkles the Unseen (level 16, -8/102 (108) HPs)
             Began as a Kobold Brigand on May 7, 2023.
             Was a High Priest of Wu Jian.
             Mangled by Saint Roka
             ... wielding a +4 battleaxe of electrocution
              (11 damage)
             ... on level 1 of the Orcish Mines on May 9, 2023.
             The game lasted 02:29:05 (27220 turns).

Twinkles the Unseen (Kobold Brigand)               Turns: 27220, Time: 02:29:06

HP:   -8/102 (108)  AC: 17    Str: 10    XL:     16   Next: 78%
MP:   16/16         EV: 25    Int: 13    God:    Wu Jian [*****.]
Gold: 2003          SH:  9    Dex: 28    Spells: 15/15 levels left

rFire   + . .        b - +3 scimitar (flame)
rCold   . . .        w - +2 buckler
rNeg    . . .        S - +2 ring mail "Ahajy" {rF+ Will+ Dex+4 Stlth+}
rPois   .            g - +2 helmet
rElec   .            K - +2 cloak
rCorr   +            t - +0 pair of gloves "Zijec" {Regen+ Dex+2 SInv}
SInv    +            p - +1 pair of boots
Will    ++...        O - amulet of Vitality {RegenMP++ Regen++}
Stlth   ++++++++     s - ring of resist corrosion
HPRegen 2.77/turn    z - ring of wizardry
MPRegen 0.95/turn

%: wizardry (x1)
@: mighty, exhausted, studying Stealth, drained
A: small, no large weapons, nightstalker 3
a: Renounce Religion, Wall Jump, Serpent's Lash, Heavenly Storm


You were on level 1 of the Orcish Mines.
You worshipped Wu Jian.
Wu Jian was extremely pleased with you.
You visited 5 branches of the dungeon, and saw 24 of its levels.
You also visited: Gauntlet, Ice Cave and Volcano.

You collected 2235 gold pieces.
You spent 232 gold pieces at shops.

Inventory:

Hand Weapons
 a - a +2 rapier of electrocution
 b - a +3 scimitar of flaming (weapon)
 k - a +2 scimitar of flaming
Missiles
 c - 3 atropa-tipped darts
 h - 29 boomerangs
 l - 3 curare-tipped darts
 v - 3 throwing nets
 G - 46 poisoned darts (quivered)
Armour
 g - a +2 helmet (worn)
 p - a +1 pair of boots (worn)
 t - the +0 pair of gloves "Zijec" (worn) {Regen+ Dex+2 SInv}
   (You found it on level 3 of the Lair of Beasts)

   Dex:       It affects your dexterity (+2).
   SInv:      It lets you see invisible.
   Regen:     It increases your rate of health regeneration.
 w - a +2 buckler (worn)
 K - a +2 cloak (worn)
 S - the +2 ring mail "Ahajy" (worn) {rF+ Will+ Dex+4 Stlth+}
   (You found it on level 11 of the Dungeon)

   Dex:       It affects your dexterity (+4).
   rF:        It protects you from fire.
   Will:      It increases your willpower.
   Stlth:     It makes you more stealthy.
Jewellery
 s - a ring of resist corrosion (left hand)
 z - a ring of wizardry (right hand)
 D - a ring of willpower
 O - the amulet of Vitality (around neck) {RegenMP++ Regen++}
   (You found it on level 5 of the Lair of Beasts)

   [amulet of magic regeneration]

   It increases your rate of magic regeneration.
   Regen:     It increases your rate of health regeneration.
 W - the ring "Cimut" {Ice rPois}
   (You found it in a Gauntlet)

   [ring of ice]

   It enhances your ice magic.
   rF:        It makes you vulnerable to fire.
   rC:        It protects you from cold.
   rPois:     It protects you from poison.
 X - a ring of flight
Wands
 d - a wand of digging (3)
 e - a wand of charming (24)
 i - a wand of light (14)
 j - a wand of polymorph (15)
 q - a wand of flame (32)
 r - a wand of roots (9)
Scrolls
 m - a scroll of amnesia {unknown}
 n - a scroll of blinking {unknown}
 o - 3 scrolls of immolation {unknown}
 u - a scroll of magic mapping {unknown}
 y - 8 scrolls of enchant weapon {unknown}
 E - 2 scrolls of fear
 F - 2 scrolls of fog
 R - 4 scrolls of poison {unknown}
 V - 3 scrolls of vulnerability
 Y - 3 scrolls of teleportation
Potions
 x - a potion of ambrosia
 A - 6 potions of attraction
 B - 4 potions of brilliance
 C - a potion of cancellation
 H - 4 potions of haste
 I - 4 potions of invisibility
 J - 9 potions of curing
 L - a potion of flight
 M - 6 potions of might
 N - 3 potions of heal wounds
 P - 3 potions of lignification
 Q - 7 potions of magic
 T - 2 potions of berserk rage
 U - 9 potions of mutation


   Skills:
 + Level 15.1 Fighting
 - Level 9.3(15.8) Short Blades
 * Level 13.4(13.9) Long Blades
 - Level 4.9 Throwing
 - Level 4.0 Armour
 - Level 14.1 Dodging
 + Level 15.8 Stealth
 + Level 6.7 Shields
 - Level 1.7 Summonings


You had 15 spell levels left.
You didn't know any spells.
Your spell library contained the following spells:

 Spells                   Type           Power      Damage    Failure   Level
 Foxfire                  Conj/Fire      0%         2x1d4     38%         1
 Magic Dart               Conj           0%         1d3       38%         1
 Blink                    Tloc           0%         N/A       50%         2
 Lesser Beckoning         Tloc           0%         N/A       50%         2
 Momentum Strike          Conj/Tloc      0%         3d8       50%         2
 Poisonous Vapours        Pois/Air       0%         N/A       50%         2
 Scorch                   Fire           0%         2d5       50%         2
 Searing Ray              Conj           0%         2d4       50%         2
 Gell's Gravitas          Tloc           0%         N/A       73%         3
 Hailstorm                Conj/Ice       0%         3d3       73%         3
 Mephitic Cloud           Conj/Pois/Air  0%         N/A       73%         3
 Teleport Other           Tloc           0%         N/A       73%         3
 Vhi's Electric Charge    Tloc/Air       0%         N/A       73%         3
 Anguish                  Hex/Necr       0%         N/A       98%         4
 Animate Dead             Necr           0%         N/A       98%         4
 Cause Fear               Hex            0%         N/A       98%         4
 Flame Wave               Conj/Fire      0%         2d4       98%         4
 Fulminant Prism          Conj/Hex       0%         3d5       98%         4
 Ice Form                 Ice/Tmut       0%         N/A       98%         4
 Arcjolt                  Conj/Air       0%         1d10      100%        5
 Fireball                 Conj/Fire      0%         3d3       100%        5
 Freezing Cloud           Conj/Ice/Air   0%         6-21      100%        5
 Plasma Beam              Fire/Air       0%         2x1d11    100%        6
 Simulacrum               Ice/Necr       0%         N/A       100%        6
 Starburst                Conj/Fire      0%         6d3       100%        6
 Summon Cactus Giant      Summ           2%         N/A       100%        6
 Enfeeble                 Hex            0%         N/A       100%        7
 Haunt                    Necr/Summ      1%         N/A       100%        7
 Infestation              Necr           0%         N/A       100%        8
 Maxwell's Capacitive Co  Air            0%         ∞         100%        8


Dungeon Overview and Level Annotations

Branches:
Dungeon (15/15) Zot: 26399  Temple (1/1) D:7 Zot: 5819    Lair (5/5) D:9 Zot: 21664
  Swamp (0/4) Lair:3        Snake (1/4) Lair:3 Zot: 5991   Slime (0/5) Lair:5
    Orc (2/2) D:9 Zot: 10319  Vaults (0/5) D:13          IceCv (visited)
Volcano (visited)         Gauntlet (visited)
    Elf: Orc:2       Depths: D:15

Altars:
Ashenzari
Cheibriados
Hepliaklqana
Kikubaaqudgha
Makhleb
Okawaru
Trog
Wu Jian
Zin
Jiyva
Lugonu

Shops:
D:13 *   Orc:2 ?*

Portals:
Abyss: Lair:5
Trove: D:11 (give 13 potions of heal wounds)

Annotations:
D:4 1 transporter, exclusion: ogre, Pikel
D:5 exclusions: 2 orcs and orc priest, Grinder
D:8 exclusion: downstairs
D:9 exclusion: cyclops
D:11 1 runed translucent door
D:15 4 exclusions
Lair:1 3 runed translucent doors, Kaece's ghost, novice TeFE
Lair:5 2 transporters, Mumum's ghost, journeyman DrFE
Orc:1 Saint Roka
Orc:2 Nessos; Snorg


Innate Abilities, Weirdness & Mutations

You are small and have problems with some larger weapons.
You are completely attuned to the shadows.


Message History

Saint Roka invokes the aid of Beogh against you.
Beogh smites you!
You climb upwards.
There is a stone staircase leading down here.
You feel very mighty all of a sudden.
The orc priest hits you but does no damage.
Saint Roka mumbles some strange prayers to Beogh against you.
Beogh smites you!
You barely miss the orc priest.
The orc priest is moderately wounded.
You spin and attack the orc priest repeatedly.
You slash the orc priest! You burn the orc priest.
You kill the orc priest!
The Council accepts your kill.
Saint Roka shoots a bolt.
The bolt hits you but does no damage.
Your muscles tense, ready for explosive movement...
Items here: $ ) [ †.
You lunge with incredible momentum at Saint Roka.
You hit Saint Roka but do no damage.
Your supernatural speed expires.
There is a stone staircase leading down here.
You closely miss Saint Roka.
Saint Roka unwields a +0 arbalest.
Saint Roka wields a +4 battleaxe of electrocution.
You hear the crackle of electricity.
Saint Roka hits you with a +4 battleaxe of electrocution!!
You are electrocuted!
You feel much better.
Saint Roka calls down the wrath of Beogh upon you.
Beogh smites you!
You slash Saint Roka! You burn Saint Roka.
Saint Roka is lightly wounded.
You slice Saint Roka!! You burn Saint Roka!
Saint Roka is lightly wounded.
Saint Roka invokes the aid of Beogh against you.
Beogh smites you!
You closely miss Saint Roka.
Saint Roka is lightly wounded.
Saint Roka hits you with a +4 battleaxe of electrocution!!
* * * LOW HITPOINT WARNING * * *
You are electrocuted!
You die...

#.......^..##≈#≈≈###
#.... #........######≈≈#
#.### #........#### ####
### # ##......##..#####
#.......##.....###
##.......#........##
#...#.....#........#
##.......o.........#
##.......@......#.##
#......#°)......###
##...............#
##............#..##
#.................######
##.................#.#.##
#.................#.....#
##...................#.##
#...........#....#...###


You could see Saint Roka.

Vanquished Creatures
  Nikola (Snake:1)
  An orc warlord (Orc:2)
  A minotaur (Gauntlet)
  3 vault guards (D:13)
  Fannar (Lair:3)
  8 hydras
  2 catoblepae
  Erica (D:8)
  2 boulder beetles
  2 centaur warriors
  5 death yaks
  A tengu warrior (D:14)
  3 thrashing horrors (Lair:5)
  An orc high priest (Orc:1)
  A hell knight (Volcano)
  Nergalle (D:11)
  A salamander mystic (Volcano)
  Amaemon (D:9)
  4 skysharks
  4 skeletal warriors (D:15)
  3 wizards (D:13)
  An orc knight (D:15)
  2 orc sorcerers (Orc:2)
  A necromancer (D:13)
  18 ugly things
  3 cyclopes
  6 deep elf pyromancers
  3 manticores
  3 salamanders (Volcano)
  An elephant (Lair:5)
  Maurice (D:8)
  3 smoke demons (Lair:5)
  3 black mambas
  2 torpor snails (Lair:4)
  Joseph (D:9)
  3 gargoyles
  A minotaur zombie (Gauntlet)
  An orange demon (D:9)
  Psyche (D:8)
  8 rime drakes
  16 cane toads
  3 unseen horrors
  An ice devil (Gauntlet)
  2 ancient zymes (Lair:5)
  An efreet (D:13)
  3 tengu conjurers
  2 kobold demonologists
  5 komodo dragons
  A freezing wraith (D:14)
  6 trolls
  A hornet (D:11)
  A large abomination (Lair:5)
  A merfolk (shapeshifter) (Lair:5)
  3 meliai (Gauntlet)
  A polar bear (Lair:3)
  32 blink frogs
  16 dream sheep
  Prince Ribbit (D:9)
  21 slime creatures
  A wraith (D:10)
  A centaur simulacrum (D:13)
  A culicivora (shapeshifter) (Lair:5)
  A spriggan (Lair:5)
  31 yaks
  5 wyverns
  16 humans (D:13)
  13 basilisks
  2 steam dragons
  A hog (shapeshifter) (D:13)
  2 chaos spawn (Lair:5)
  6 wargs
  11 vampire mosquitoes
  An acid dragon (D:14)
  2 swamp worms (Gauntlet)
  4 nagas (Lair:3)
  27 water moccasins
  27 orc warriors
  3 black bears
  4 ice beasts
  A sky beast (shapeshifter) (Lair:5)
  5 ogres
  A great orb of eyes simulacrum (IceCv)
  8 centaurs
  15 wolves
  2 slime creature simulacra (IceCv)
  5 kobold brigands
  11 bullfrogs
  3 scorpions
  3 glowing shapeshifter simulacra (IceCv)
  7 gnoll sergeants
  4 wights (D:9)
  6 killer bees (D:10)
  2 electric eels
  7 small abominations (Lair:5)
  2 jellies
  A gnoll bouda (D:9)
  2 hounds
  16 orc priests
  2 iguanas
  3 sleepcaps
  Natasha (D:3)
  17 orc wizards
  3 shapeshifter simulacra (IceCv)
  10 gnolls
  8 adders
  3 shadow imps
  6 white imps
  An ufetubus (D:6)
  2 worms
  2 dart slugs
  78 orcs
  3 bats
  9 endoplasms
  A giant cockroach (D:3)
  5 hobgoblins
  8 jackals (D:1)
  4 quokkas
  8 ball pythons
  5 frilled lizards
  15 goblins
  10 kobolds
  11 rats
  A spectral kobold (D:1)
702 creatures vanquished.

Notes
Turn   | Place    | Note
-------+----------+-------------------------------------------
     0 | D:1      | Twinkles the Kobold Brigand began the quest for the Orb.
     0 | D:1      | Reached XP level 1. HP: 12/12 MP: 1/1
   165 | D:1      | Reached XP level 2. HP: 18/18 MP: 2/2
   202 | D:1      | Found a faded altar of an unknown god.
   277 | D:1      | Prayed at the altar of an unknown god.
   277 | D:1      | Became a worshipper of the Wu Jian Council
   277 | D:1      | Reached * piety under Wu Jian
   524 | D:1      | Reached XP level 3. HP: 20/22 MP: 3/3
  1247 | D:2      | Identified the +2 sling of Cymism {heavy, Will+}
  1297 | D:2      | Reached XP level 4. HP: 16/27 MP: 4/4
  1646 | D:2      | Reached ** piety under Wu Jian
  2132 | D:3      | Found an iron altar of Okawaru.
  2168 | D:3      | Reached XP level 5. HP: 31/31 MP: 5/5
  2792 | D:3      | Noticed Natasha
  2797 | D:3      | Killed Natasha
  3038 | D:4      | Found a transporter.
  3112 | D:4      | Noticed Pikel
  3112 | D:4      | Noticed a lemure
  3112 | D:4      | Noticed a lemure
  3112 | D:4      | Noticed a lemure
  3279 | D:4      | Reached *** piety under Wu Jian
  3299 | D:4      | Reached XP level 6. HP: 37/37 MP: 6/6
  3491 | D:4      | Noticed an ogre
  3754 | D:5      | Entered Level 5 of the Dungeon
  4075 | D:5      | Noticed Grinder
  4125 | D:5      | Reached XP level 7. HP: 42/42 MP: 7/7
  4859 | D:6      | Reached skill level 5 in Short Blades
  4860 | D:6      | Found an ancient bone altar of Kikubaaqudgha.
  4862 | D:6      | Found a glowing silver altar of Zin.
  5240 | D:6      | Reached XP level 8. HP: 48/48 MP: 8/8
  5750 | D:6      | Reached skill level 5 in Fighting
  6026 | D:7      | Reached skill level 5 in Dodging
  6151 | D:7      | Found a staircase to the Ecumenical Temple.
  6170 | Temple   | Entered the Ecumenical Temple
  6234 | Temple   | Reached skill level 1 in Shields
  6526 | D:7      | HP: 14/50 [orc warrior/+0 scimitar (5)]
  6530 | D:7      | HP: 2/50 [orc warrior/+0 scimitar (13)]
  6534 | D:7      | Reached XP level 9. HP: 23/55 MP: 9/9
  6541 | D:7      | HP: 11/55 [shadow imp/nerve-wracking pain (12)]
  6546 | D:7      | HP: 8/55 [orc/+0 hand axe (4)]
  7429 | D:8      | Noticed Psyche
  7433 | D:8      | Noticed Maurice
  7439 | D:8      | Killed Psyche
  7453 | D:8      | Killed Maurice
  8071 | D:8      | Noticed Erica
  8089 | D:8      | Killed Erica
  8090 | D:8      | Reached XP level 10. HP: 63/63 MP: 10/10
  8239 | D:9      | Noticed Prince Ribbit
  8293 | D:9      | Killed Prince Ribbit
  8293 | D:9      | Reached skill level 1 in Long Blades
  8359 | D:9      | Found a bloodstained altar of Trog.
  8360 | D:9      | Found a snail-covered altar of Cheibriados.
  8360 | D:9      | Found a burning altar of Makhleb.
  8361 | D:9      | Found a broken altar of Ashenzari.
  8468 | D:9      | Noticed an orange demon
  8514 | D:9      | Noticed Amaemon
  8521 | D:9      | Killed Amaemon
  8596 | D:9      | Killed an orange demon
  8706 | D:9      | Found a staircase to the Orcish Mines.
  9014 | D:9      | Reached XP level 11. HP: 71/71 MP: 11/11
  9142 | D:8      | Reached skill level 10 in Dodging
  9196 | D:9      | Noticed Joseph
  9644 | D:9      | Reached skill level 10 in Fighting
  9817 | D:9      | Noticed a cyclops
  9863 | D:9      | Found a staircase to the Lair.
 10101 | D:10     | Entered Level 10 of the Dungeon
 10117 | D:10     | Found a hazy altar of Hepliaklqana.
 10199 | D:10     | Noticed a cyclops
 10546 | D:10     | Reached skill level 5 in Long Blades
 10981 | Lair:1   | Entered Level 1 of the Lair of Beasts
 10982 | Lair:1   | Upgraded the game from 0.30.0-3-ga4e48a9924 to
                  | 0.30.0-5-g1a98f26d00
 11109 | Lair:1   | Reached skill level 1 in Armour
 11201 | Lair:1   | Noticed a six-headed hydra
 11216 | Lair:1   | Killed a six-headed hydra
 11301 | Lair:1   | Noticed an eight-headed hydra
 11325 | Lair:1   | Found a runed translucent gate.
 11325 | Lair:1   | Found a runed translucent gate.
 11325 | Lair:1   | Found a runed translucent gate.
 11328 | Lair:1   | Noticed a ten-headed hydra
 11331 | Lair:1   | Noticed Kaece's ghost (novice TeFE)
 11641 | Lair:1   | Reached XP level 12. HP: 73/79 MP: 12/12
 12320 | Lair:1   | Killed a four-headed hydra
 12974 | Lair:2   | Noticed a skyshark
 12979 | Lair:2   | Killed a skyshark
 13905 | Lair:3   | Found a frozen archway.
 13938 | IceCv    | Entered an ice cave
 13972 | IceCv    | Noticed a quicksilver ooze
 13997 | IceCv    | Reached XP level 13. HP: 85/85 MP: 13/13
 14269 | IceCv    | HP: 16/85 [great orb of eyes simulacrum (35)]
 14309 | Lair:3   | You fall into a shaft and drop 1 floor!
 14927 | Lair:3   | Found a staircase to the Swamp.
 14987 | Lair:3   | Reached **** piety under Wu Jian
 15013 | Lair:3   | Reached skill level 10 in Stealth
 15559 | Lair:3   | Found a staircase to the Snake Pit.
 15596 | Lair:3   | Identified the +0 pair of gloves "Zijec" {Regen+ Dex+2
                  | SInv}
 15645 | Lair:3   | Noticed Fannar
 15657 | Lair:3   | Killed Fannar
 16159 | Lair:3   | Noticed an eight-headed hydra
 16182 | Lair:3   | Killed an eight-headed hydra
 16726 | Lair:4   | Found a burning altar of Makhleb.
 17187 | Lair:3   | Reached XP level 14. HP: 92/92 MP: 14/14
 17195 | Snake:1  | Entered Level 1 of the Snake Pit
 17195 | Snake:1  | Noticed Nikola
 17197 | Snake:1  | Killed Nikola
 17197 | Snake:1  | Reached skill level 10 in Long Blades
 17613 | Lair:5   | Entered Level 5 of the Lair of Beasts
 17718 | Lair:5   | Noticed Mumum's ghost (journeyman DrFE)
 17817 | Lair:5   | Found a transporter.
 17856 | Lair:5   | Found a viscous altar of Jiyva.
 17856 | Lair:5   | Found a staircase to the Slime Pits.
 17910 | Lair:5   | Found a transporter.
 19008 | Lair:5   | Found the amulet of Vitality {RegenMP++ Regen++}
 19012 | Lair:5   | Reached XP level 15. HP: 100/100 MP: 15/15
 19114 | Lair:5   | HP: 24/100 [culicivora (shapeshifter) (8)]
 19583 | Lair:5   | Found a corrupted altar of Lugonu.
 19586 | Lair:5   | Found a one-way gate to the infinite horrors of the Abyss.
 19955 | D:9      | Killed Joseph
 20069 | D:11     | Found a runed translucent door.
 20133 | D:11     | Found a portal to a secret trove of treasure.
 20439 | D:11     | Identified the +2 ring mail "Ahajy" {rF+ Will+ Dex+4
                  | Stlth+}
 20502 | D:11     | Noticed Nergalle
 20509 | D:11     | Killed Nergalle
 20614 | D:11     | Reached skill level 5 in Shields
 21993 | D:13     | Found Jutiel Malou's Assorted Antiques.
 22048 | D:13     | Bought a pair of runed boots for 232 gold pieces
 23090 | D:13     | Reached ***** piety under Wu Jian
 23105 | D:13     | Found a gate to the Vaults.
 23231 | D:13     | Reached XP level 16. HP: 107/107 MP: 16/16
 24049 | D:15     | Entered Level 15 of the Dungeon
 24079 | D:15     | Reached skill level 15 in Stealth
 24493 | D:15     | Found a gate leading to a gauntlet.
 24505 | Gauntlet | Entered a Gauntlet
 24505 | Gauntlet | Found a transporter.
 24520 | Gauntlet | Found a transporter.
 24535 | Gauntlet | Found a transporter.
 24552 | Gauntlet | Found a transporter.
 24562 | Gauntlet | Found a transporter.
 24571 | Gauntlet | Found a runed translucent gate.
 24572 | Gauntlet | Found a transporter.
 24572 | Gauntlet | Found a runed translucent gate.
 24573 | Gauntlet | Found a runed translucent gate.
 24582 | Gauntlet | Found a transporter.
 24592 | Gauntlet | Found a runed translucent door.
 24611 | Gauntlet | Found a transporter.
 24636 | Gauntlet | Found a transporter.
 24661 | Gauntlet | Found a runed translucent door.
 24698 | Gauntlet | Found a transporter.
 24708 | Gauntlet | Found a transporter.
 24720 | Gauntlet | Found a transporter.
 24750 | Gauntlet | Found a transporter.
 24882 | Gauntlet | Identified the ring "Cimut" {Ice rPois}
 24887 | Gauntlet | Reached skill level 15 in Fighting
 24976 | Gauntlet | Identified the staff of poison "Kabob" {rPois rN+ Will+}
 25235 | Orc:1    | Entered Level 1 of the Orcish Mines
 25237 | Orc:1    | You fall into a shaft and drop 1 floor!
 25237 | Orc:2    | Entered Level 2 of the Orcish Mines
 25237 | Orc:2    | Noticed Saint Roka
 25305 | Orc:2    | Noticed Snorg
 25306 | Orc:2    | Noticed Nessos
 25381 | Orc:1    | Found a dark tunnel.
 25390 | Volcano  | Entered a volcano
 25816 | Orc:1    | Reached skill level 1 in Summonings
 26597 | Orc:2    | Found Fasidgho's Overcharged Wands.
 26795 | Orc:2    | Found Wedi's Magic Scroll Boutique.
 27220 | Orc:1    | HP: 3/102 [Saint Roka/+4 battleaxe of electrocution (30)]
 27220 | Orc:1    | Mangled by Saint Roka

Illustrated notes

Levels and vault maps discovered:
D:1:      saegor_arrival_under_anarchy, layout_loops_corners,
          dreamdust_ecumenical_altar_drowned_temple
D:2:      layout_basic, grunt_ministairs_2, minmay_fountain_box
D:3:      layout_basic, kennysheep_okawaru_gauntlet, nicolae_hexahallways,
          grunt_ministairs_4, hex_large, dk_noncrumbling_3,
          kennysheep_generic_room_15, uniq_natasha
D:4:      layout_gridville, gammafunk_ghost_gnarly_gnolls, serial_glass,
          glass_columns_b, glass_columns_a, glass_columns_b, glass_columns_b,
          glass_columns_a, glass_columns_c, glass_columns_b, glass_columns_b,
          glass_columns_b, glass_columns_c, reono_crystal_passage, uniq_pikel
D:5:      wad_lake_hut, layout_basic, uniq_grinder
D:6:      layout_loops_ring, minitemple, chequers_serial_rivers_micro_b,
          minivault_26
D:7:      layout_loops_ring, temple_green, minmay_misc_feat_square,
          grunt_ministairs_5, minmay_misc_feat_four_crosses
D:8:      layout_basic, uniq_erica, uniq_maurice, uniq_psyche
D:9:      layout_loops_ring, chequers_temple_overflow_statue_of_worship,
          minmay_lair_entry_grove, kennysheep_orc_monster_closet_entryway,
          lightli_minifort, uniq_amaemon, uniq_prince_ribbit1, uniq_joseph
D:10:     layout_roguey, overflow_temple_1_default
D:11:     layout_roguey, nicolae_trove_entry_isolated, nicolae_danse_macabre,
          uniq_nergalle
D:12:     layout_stronghold
D:13:     layout_loops_ring, grunt_vaults_entry_tiered, nicolae_stop_n_shop_2
D:14:     layout_loops_ring
D:15:     grunt_enter_depths_magical_seal, layout_rooms, serial_shops,
          nicolae_shop_gaudy_bauble, minivault_14, gauntlet_entry_generic
Temple:   minmay_temple_curvy_branch
Lair:1:   layout_cave_pods, gammafunk_ghost_hydra_chop, serial_bayou_pond_d,
          grunt_megastairs_4
Lair:2:   layout_layer_cave, minivault_27, beast_lair_carwin_10,
          serial_bayou_shore_a
Lair:3:   layout_layer_cave, swamp_mist_pool,
          minmay_snake_entry_guardpost_small, portal_ice_cave_rime,
          minivault_24, forest_entry_grove, uniq_fannar
Lair:4:   layout_regular_city, basic_altar, nicolae_lair_yak_garden,
          grunt_megastairs_3, infiniplex_staircase_pool
Lair:5:   hellmonk_lair_end_abyssal_woods, layout_regular_city,
          dpeg_slime_entry_enclosed, gammafunk_ghost_hive
Snake:1:  layout_basic, nicolae_snake_snake_lake, uniq_azrael, uniq_frances,
          uniq_nikola
Orc:1:    layout_caves, enter_volcano_4, nicolae_orc_bridge_out,
          minmay_orc_temple_b
Orc:2:    grunt_orc_cross, layout_caves, serial_shops, shop, shop,
          nicolae_shop_rolling_square, nicolae_shop_overcharged_wands,
          uniq_nessos, uniq_snorg, uniq_saint_roka

Skill      XL: |  1  2  3  4  5  6  7  8  9 10 11 12 13 14 15 16 |
---------------+-------------------------------------------------+-----
Short Blades   | 3 4 5 6 9 |  9.3
Dodging        | 2 3 4 5 7 9 10 11 12 13 14 | 14.1
Throwing       | 3 4 |  4.9
Fighting       | 3 4 5 7 9 10 11 12 13 14 15 | 15.1
Stealth        | 6 7 9 11 13 14 15 | 15.8
Shields        | 1 3 4 5 6 |  6.7
Long Blades    | 3 5 7 9 11 12 13 | 13.4
Armour         | 2 4 |  4.0
Summonings     | 1 |  1.7

Action                     |  1- 3 |  4- 6 |  7- 9 | 10-12 | 13-15 | 16-18 || total
---------------------------+-------+-------+-------+-------+-------+-------++-------
  Melee: Dagger            |    99 |   144 |   268 |   498 |    52 |       ||  1061
         Punch             |       |     5 |     2 |       |       |       ||     7
         Unarmed           |       |       |    14 |       |       |       ||    14
         Scimitar          |       |       |       |   204 |   750 |   215 ||  1169
         Rapier            |       |       |       |       |   394 |   255 ||   649
   Fire: Sling             |     4 |     2 |       |       |       |       ||     6
  Throw: Dart              |       |       |       |    13 |     8 |     4 ||    25
 Invoke: Serpent's Lash    |       |       |     6 |    25 |    32 |    10 ||    73
Ability: Lunge             |    10 |    24 |    28 |    53 |   116 |    73 ||   304
         Whirlwind         |       |       |     4 |    19 |   106 |    42 ||   171
  Evoke: Wand              |       |       |       |     4 |     1 |       ||     5
    Use: Scroll            |       |     4 |     2 |     6 |     6 |     3 ||    21
         Potion            |       |       |     1 |       |     2 |     4 ||     7
   Stab: Sleeping          |    15 |    30 |    21 |    29 |    61 |    50 ||   206
         Distracted        |       |     1 |     1 |     4 |     8 |     5 ||    19
         Confused          |       |       |     4 |       |       |       ||     4
         Invisible         |       |       |       |     3 |       |       ||     3
 Armour: Leather armour    |     6 |       |       |       |       |       ||     6
         Ring mail         |       |    23 |    51 |    42 |    39 |    35 ||   190
         Skin              |       |       |     2 |       |       |       ||     2
         Troll leather arm |       |       |       |    44 |   100 |       ||   144
  Dodge: Dodged            |    56 |    59 |   101 |   327 |   625 |   224 ||  1392
  Block: Buckler           |       |       |    25 |   151 |   319 |   104 ||   599
